[Event "German-ch Blitz Women 2022"]
[Site "Magdeburg"]
[Date "2022.08.13"]
[Round "20.1"]
[White "Paehtz, Elisabeth"]
[Black "Skibbe, Diana"]
[Result "1-0"]
[ECO "A80"]
[WhiteElo "2484"]
[BlackElo "1943"]
[Annotator "TA"]
[PlyCount "81"]
[EventDate "2022.08.10"]
[EventType "tourn"]
[EventCountry "GER"]
[SourceTitle "playchess.com"]
[Source "ChessBase"]
[SourceQuality "1"]
[TimeControl "180+2"]

1. d4 f5 2. Nf3 Nf6 3. g3 d6 4. Bg2 g6 5. O-O Bg7 6. b3 O-O 7. Bb2 e5 8. dxe5 Ng4 9. Qd5+ {[%emt 0:00:18] A81: Dutch Defence: 2 g3.} (9. Nbd2 Nxe5 10. Nxe5 dxe5 11. Nc4 Qe7 12. Qd5+ Kh8 13. Bxe5 c6 14. Bxg7+ Qxg7 15. Qd6 Nd7 16. Rad1 a5 17. Qc7 a4 18. Rd2 Nc5 19. Qd6 Ne4 20. Bxe4 fxe4 {1-0 (31) Paehtz,E (2473)-Skibbe,D (1991) Magdeburg 2020}) 9... Kh8 10. Rd1 ({White should try} 10. Na3 $16) 10... Nc6 $14 11. Na3 {[%emt 0:00:20] White is slightly better.} Ngxe5 12. Nxe5 Bxe5 13. Bxe5+ {[%emt 0:00:04] [#]} dxe5 $146 ({Predecessor:} 13... Nxe5 14. Nc4 Qf6 15. Nxe5 dxe5 16. Qc5 c6 17. Rd6 Be6 18. Rad1 Rfe8 19. a4 Qg7 {1-0 (55) Wawrzyniak,P (1824)-Goral,J (1580) Polanica Zdroj 2020}) 14. Qxd8 {[%emt 0:00:14] White is more active.} Nxd8 15. e4 f4 16. Nc4 Nc6 17. c3 (17. Rd5 $5 ) 17... Be6 18. Bf1 Bxc4 ({Black should play} 18... Kg7 $11) 19. Bxc4 Na5 (19... Rad8 $11 {deserves consideration.}) 20. Rd7 $16 c6 $2 {[%emt 0:00:06] Inhibits Bd5. This move loses the game for Black.} (20... fxg3 $16 21. hxg3 Nxc4) 21. Bf1 $18 Rad8 $2 (21... b5 {was necessary.} 22. Rad1 Kg8) 22. Rad1 (22. Rxd8 $142 Rxd8 23. b4) 22... Rxd7 23. Rxd7 {[%emt 0:00:01][%mdl 4096] [#] Endgame b4 is the strong threat. KRB-KRN} c5 24. Rc7 Rd8 25. Rxc5 Nc6 26. Bb5 Rd1+ 27. Kg2 Rd2 28. Bxc6 bxc6 29. Rxe5 ({Not} 29. Rxc6 fxg3 30. hxg3 Rxa2 $18) 29... fxg3 30. hxg3 ({Don't do} 30. Kxg3 Rxa2 31. b4 Kg8 32. Re8+ Kg7 $18) 30... Rxa2 {[%emt 0:00:02] KR-KR} 31. Rc5 Ra3 $2 (31... a5 {was worth a try.} 32. Rxc6 Rb2) 32. b4 Ra6 33. Kf3 Kg7 34. Ke3 Kf7 (34... Rb6 $142 35. Ra5 Rb7) 35. f4 Ke6 36. Kd4 Kd7 37. Rg5 {[%emt 0:00:04] [#] Strongly threatening Ra5.} Ra1 38. f5 Rd1+ 39. Kc5 Rd3 40. fxg6 Rxc3+ $2 (40... hxg6 $18 41. Kc4 (41. Rxg6 Rxc3+ 42. Kd4 Rb3 $18) 41... Rd6) 41. Kd4 {[%emt 0:00:01] Weighted Error Value: White=0.36/Black=0.74} 1-0

[Event "German-ch Blitz Women 2022"]
[Site "Magdeburg"]
[Date "2022.08.13"]
[Round "20.2"]
[White "Rath, Alina"]
[Black "Braun, Kristin"]
[Result "0-1"]
[ECO "A16"]
[WhiteElo "2062"]
[BlackElo "1897"]
[Annotator "NA RC"]
[PlyCount "77"]
[EventDate "2022.08.10"]
[EventType "tourn"]
[EventCountry "GER"]
[SourceTitle "playchess.com"]
[Source "ChessBase"]
[SourceQuality "1"]
[TimeControl "180+2"]

1. c4 Nf6 2. Nc3 g6 3. g3 Bg7 4. Bg2 d6 5. e4 e5 6. Nge2 O-O 7. O-O Nc6 8. d3 Be6 9. h3 Qd7 10. Kh2 a5 11. f4 Qe8 12. f5 Bd7 13. g4 Nd4 14. g5 Nh5 15. f6 Bh8 16. Nd5 Nc6 17. Bf3 Nf4 18. Nexf4 exf4 19. Bxf4 Rc8 20. Bg2 Be6 21. Nc3 Qd7 22. b3 Rfe8 23. d4 Qd8 24. d5 Bd7 25. dxc6 Bxc6 26. Bg3 h6 27. h4 Re6 28. Nd5 Bxd5 29. cxd5 Re8 30. Qf3 h5 31. Rac1 c6 32. dxc6 bxc6 33. Qd3 c5 34. Bxd6 Re6 35. Rcd1 Qd7 36. e5 Rd8 37. Bh3 Rxd6 38. Bxd7 Rxd3 39. Rxd3 0-1

[Event "German-ch Blitz Women 2022"]
[Site "Magdeburg"]
[Date "2022.08.13"]
[Round "20.3"]
[White "Kunze, Kerstin"]
[Black "Grabowski, Petra"]
[Result "0-1"]
[ECO "C10"]
[WhiteElo "2020"]
[BlackElo "1643"]
[Annotator "TA"]
[PlyCount "125"]
[EventDate "2022.08.10"]
[EventType "tourn"]
[EventCountry "GER"]
[SourceTitle "playchess.com"]
[Source "ChessBase"]
[SourceQuality "1"]
[TimeControl "180+2"]

1. e4 e6 2. d4 d5 3. Nc3 dxe4 4. Nxe4 Nd7 5. Nf3 Ngf6 6. Ng3 c5 7. Bd3 {[%emt 0:00:10] C10: French with 3 Nc3: Unusual Black 3rd moves and 3...dxe4.} cxd4 8. Nxd4 Bc5 9. Nb3 {[%emt 0:00:04] The position is equal.} Bb6 (9... Bd6 {was preferrable.}) 10. O-O O-O {[%emt 0:00:02] [#]} (10... Ne5 $5 ) 11. a4 $146 ({Predecessor:} 11. Qe2 Qc7 12. Bg5 h6 13. Be3 Bxe3 14. Qxe3 Ne5 15. Rac1 Bd7 16. Ne4 Nxe4 17. Qxe4 Nxd3 18. Qxd3 {1-0 (66) Godzwon,I (2321)-Oparin,G (2674) Chess.com INT 2022}) 11... a5 12. Qe2 Qc7 13. Bd2 Nc5 14. Nxc5 Bxc5 15. Bc3 {[%emt 0:00:14] [#] Black must now prevent Bxf6.} Nd5 16. Be5 Qe7 17. Rfe1 ({Better is} 17. Ne4 $16) 17... Bd6 (17... f6 $11 18. Qe4 Bxf2+ 19. Kxf2 fxe5+ 20. Kg1 Qc5+ 21. Kh1 Nf6) 18. Bxd6 Qxd6 19. Qh5 {[%emt 0:00:17][%csl Gd3][%cal Rh5h7] [#]} h6 20. Ne4 (20. Rad1 $14) 20... Qe7 21. Rad1 $40 {[%emt 0:00:04][%mdl 128] White has some attack.} Nf4 (21... Bd7 $11) 22. Qf3 Nxd3 23. Qxd3 b6 24. Qd4 Bb7 25. Qxb6 Bxe4 26. Rxe4 Rfb8 27. Qc6 Rc8 28. Qb5 Rcb8 (28... Rxc2 $11 29. Red4 Qf6) 29. Qe5 $16 Qb7 (29... Rc8 $16) 30. b3 Qc6 (30... Rd8 $16 31. Red4 Rxd4 32. Qxd4 (32. Rxd4 Qb6 $16) 32... Rb8) 31. Rg4 $18 g6 32. Rc4 Qe8 33. Qf6 Rd8 34. Rcd4 Rxd4 35. Rxd4 {[%emt 0:00:01][%mdl 4096] Endgame KQR-KQR} ({Don't take} 35. Qxd4 Qe7 36. g3 Rb8 $16) 35... Rc8 36. h3 Kh7 (36... Ra8 $142 37. c4 Qc8) 37. Rh4 $2 (37. c4 $18) 37... Rxc2 $14 38. Rd4 Rc1+ 39. Kh2 {[%emt 0:00:00] Strongly threatening Rd8.} Qb8+ 40. g3 (40. Rf4 $11 Rc7 41. Qe5) 40... Qc7 $2 {[%emt 0:00:05][%mdl 8192] Black cannot hold the game after this.} (40... Qb7 $17 41. Re4 Rb1) 41. Rd8 $18 Qxd8 42. Qxd8 {[%emt 0:00:01] KQ-KR} Kg7 43. Qd4+ Kh7 44. Qd3 Rc7 45. Kg2 Rb7 46. Qc4 {[%emt 0:00:01][%cal Oc4b5] Threatens to win with Qb5!} Kg7 47. Qc3+ Kh7 48. Qxa5 Rxb3 49. Qc7 {[%emt 0:00:03] White mates.} Kg7 50. a5 Ra3 51. Qe5+ Kh7 52. Qc5 Ra2 53. Qb6 Kg7 54. a6 h5 55. a7 h4 56. gxh4 Ra4 57. Qb7 Rxh4 58. a8=Q Rh5 59. Qa1+ Kh6 60. Qxf7 Rg5+ 61. Kh2 e5 62. Qc1 Kh5 63. Qh7# {[%emt 0:00:02][%mdl 32768] Weighted Error Value: White=0.36/Black=0.47. Loss on time!?} 0-1

[Event "German-ch Blitz Women 2022"]
[Site "Magdeburg"]
[Date "2022.08.13"]
[Round "20.4"]
[White "Doll, Rebecca"]
[Black "Khrapko, Marharyta"]
[Result "0-1"]
[ECO "B32"]
[WhiteElo "1933"]
[BlackElo "2128"]
[Annotator "NA RC"]
[PlyCount "53"]
[EventDate "2022.08.10"]
[EventType "tourn"]
[EventCountry "GER"]
[SourceTitle "playchess.com"]
[Source "ChessBase"]
[SourceQuality "1"]
[TimeControl "180+2"]

1. e4 c5 2. Nf3 Nc6 3. d4 cxd4 4. Nxd4 e5 5. Nb5 d6 6. N1c3 a6 7. Na3 Be7 8. Nc4 b5 9. Ne3 Nf6 10. Ned5 Nxd5 11. Nxd5 O-O 12. Be2 Bg5 13. O-O Be6 14. g3 Nd4 15. c3 Nxe2+ 16. Qxe2 Bxc1 17. Raxc1 f5 18. exf5 Bxd5 19. b3 Rxf5 20. c4 bxc4 21. bxc4 Bc6 22. Rfd1 Qe7 23. Qd3 Rf6 24. Rc2 Qe6 25. c5 d5 26. Re2 d4 27. Qc2 0-1

[Event "German-ch Blitz Women 2022"]
[Site "Magdeburg"]
[Date "2022.08.13"]
[Round "20.5"]
[White "Wulf, Constanze"]
[Black "Daemering, Katrin"]
[Result "0-1"]
[ECO "A04"]
[WhiteElo "1835"]
[BlackElo "1965"]
[Annotator "TA"]
[PlyCount "56"]
[EventDate "2022.08.10"]
[EventType "tourn"]
[EventCountry "GER"]
[SourceTitle "playchess.com"]
[Source "ChessBase"]
[SourceQuality "1"]
[TimeControl "180+2"]

1. Nf3 g6 2. e3 Bg7 3. d4 d6 4. c4 Nd7 5. Nc3 e5 6. Be2 Ne7 7. O-O O-O {[%emt 0:00:02] A41: 1 d4 d6: Tartakower System and Modern Defence.} 8. Re1 {[%emt 0:00:14] [#]} h6 $146 ({Predecessor:} 8... Re8 9. d5 a5 10. e4 f5 11. Bg5 h6 12. Be3 Kh7 13. Bd3 f4 14. Bd2 Nc5 15. Bc2 {½-½ (44) Burgarth,U (2455)-Ritsema,R (2428) ICCF email 2015}) 9. Qc2 f5 {[%emt 0:00:02] White is slightly better.} 10. b4 a6 11. Bb2 Kh7 12. Rad1 Qe8 13. dxe5 dxe5 (13... Nxe5 $14 14. Nd5 Nxd5 15. cxd5 Nxf3+ 16. Bxf3 (16. gxf3 Bxb2 17. Qxb2 Qd8 $11) 16... Bxb2 17. Qxb2 Bd7) 14. Nd5 Nxd5 15. cxd5 ({Don't play} 15. Rxd5 $6 Qe7 $11) 15... Qe7 (15... Qd8 $16 {keeps fighting.}) 16. a3 ({White must play} 16. Qxc7 $18 {d6 is the strong threat.} b5 17. d6) 16... Nb6 ({Black should try} 16... e4 $14) 17. Qc5 $16 Qf7 (17... Qxc5 $16 18. bxc5 Na4 19. Bxe5 Bxe5 20. Nxe5 Re8) 18. Bxe5 Nd7 19. Qxc7 {[%emt 0:00:05][%mdl 8192] [#] Now White is beyond hope.} (19. Qc3 $16) 19... Nxe5 $19 20. Qxf7 Nxf7 21. Rc1 Rd8 22. Rc7 Rd7 23. Rec1 Nd6 24. Rxd7 (24. h3 $142) 24... Bxd7 25. Rc7 Rd8 26. Nd4 (26. h4 {might work better.}) 26... Bxd4 27. exd4 Kg8 28. b5 (28. f3 $142) 28... axb5 {[%emt 0:00:04] Weighted Error Value: White=0.67/Black=0.27 (precise)} ({Not} 28... Bxb5 $2 29. Kf1 $19) 0-1

[Event "German-ch Blitz Women 2022"]
[Site "Magdeburg"]
[Date "2022.08.13"]
[Round "20.6"]
[White "Stangl, Anita"]
[Black "Muetsch, Annmarie"]
[Result "0-1"]
[ECO "C51"]
[WhiteElo "2023"]
[BlackElo "2249"]
[Annotator "TA"]
[PlyCount "79"]
[EventDate "2022.08.10"]
[EventType "tourn"]
[EventCountry "GER"]
[SourceTitle "playchess.com"]
[Source "ChessBase"]
[SourceQuality "1"]
[TimeControl "180+2"]

1. e4 e5 2. Nf3 Nc6 3. Bc4 Bc5 4. b4 Bxb4 5. c3 Be7 6. d4 Na5 7. Nxe5 Nxc4 8. Nxc4 d5 9. exd5 Qxd5 10. Ne3 Qd8 11. O-O Nf6 12. c4 O-O 13. Bb2 {C51: Evans Gambit: Declined and Accepted without 5...Ba5.} c6 {[#]} 14. Re1 $146 ({Predecessor:} 14. Qf3 Be6 15. Nc3 Qb6 16. Rab1 Qa6 17. d5 cxd5 18. Ncxd5 Bxd5 19. cxd5 Qd3 20. Nf5 Qxf3 21. Nxe7+ {1-0 (29) Bortnyk,M (2473)-Martinez Alcantara,J (2620) Chess.com INT 2020}) 14... Be6 15. Qc2 {The position is equal.} Re8 16. Nd2 Qa5 17. Nf3 Qh5 18. Ne5 Rad8 19. f4 (19. Nf1 $11) 19... Bb4 (19... Ng4 $15 20. N3xg4 Bxg4) 20. Rf1 Bc8 (20... Ng4 $15 21. N3xg4 Bxg4) 21. Rad1 (21. Rf3 $11) 21... Ba5 (21... Ng4 $15 22. N5xg4 Bxg4 23. Nxg4 Qxg4) 22. Qa4 (22. Rf3 $11) 22... Bb6 {A strong pair of Bishops.} (22... Qe2 $5 23. Bc1 Bc3 24. Qxa7 Ne4 $11) 23. c5 Bc7 24. Qxa7 Re7 25. Qa3 Nd5 26. N3c4 (26. g4 $11 {remains equal.} Qh4 27. Ng2 (27. Nxd5 Rxd5 28. Qg3 Qxg3+ 29. hxg3 f6 $15)) 26... Qh6 ({Black should try} 26... f6 $17 {aiming for ...Nxf4.} 27. Qf3 Qh4) 27. Qg3 (27. Nd6 $15) 27... Bf5 (27... f6 $17 28. Ng4 Qg6) 28. Bc1 (28. Qg5 $11 Bc8 29. Qxh6 gxh6 30. f5) 28... f6 $15 29. Nd3 $2 {[%mdl 8192] [#]} ({Better is} 29. Nd6 $15 Bxd6 30. cxd6) 29... Qh5 $2 (29... Nc3 $19 {has better winning chances. And now ...Ne2+ would win.} 30. Rde1 Ne2+ 31. Rxe2 Rxe2) 30. Rfe1 (30. Rde1 $17 {nothing else works.}) 30... Re2 $2 (30... Nc3 $19 31. Rxe7 Qxd1+ 32. Qe1 Bxd3 33. Qxd1 Nxd1) 31. Rxe2 $17 Qxe2 32. Rd2 {[#]} (32. Ndb2 $17) 32... Qe6 ({Black should play} 32... Nc3 $1 $19 33. Qe1 (33. Bb2 $2 Qxd2 34. Nxd2 Ne2+ 35. Kf2 Nxg3 $19) 33... Bxd3 34. Rxe2 Nxe2+ 35. Kf2 Bxc4) 33. Rd1 (33. Nd6 $17) 33... Nc3 $1 $19 {[%csl LRa2,LRc4,LRd1,LRd4] White must now prevent ...Ne2+. Black is clearly winning.} 34. Rd2 Ne2+ 35. Rxe2 Qxe2 36. Qe3 Qxe3+ 37. Bxe3 Bxd3 38. Nd2 Re8 39. Kf2 Ra8 40. Nf3 {Weighted Error Value: White=1.19/Black=0.90} 0-1

[Event "German-ch Blitz Women 2022"]
[Site "Magdeburg"]
[Date "2022.08.13"]
[Round "20.7"]
[White "Falke, Ornella"]
[Black "Zhou, Lepu Coco"]
[Result "0-1"]
[ECO "B40"]
[WhiteElo "1912"]
[BlackElo "1986"]
[Annotator "TA"]
[PlyCount "64"]
[EventDate "2022.08.10"]
[EventType "tourn"]
[EventCountry "GER"]
[SourceTitle "playchess.com"]
[Source "ChessBase"]
[SourceQuality "1"]
[TimeControl "180+2"]

1. e4 c5 2. Nf3 e6 3. d4 cxd4 4. Nxd4 Nf6 5. Nc3 Nc6 6. a3 d5 7. Bg5 {[%emt 0:00:26] aiming for exd5. B45: Sicilian Four Knights.} dxe4 (7... h6 $11 8. Bf4 Be7) 8. Nxc6 $14 Qxd1+ 9. Rxd1 {[%emt 0:00:01][%csl Gc6][%cal Rd1d8] White is slightly better.} bxc6 {[%emt 0:00:02] [#]} 10. Nxe4 $1 Be7 {[%emt 0:00:16] [#]} 11. Nxf6+ $146 {[%emt 0:00:07][%mdl 128] White mounts an attack.} ({Predecessor:} 11. Nd6+ Kf8 12. Bc4 h6 13. Bh4 Nd5 14. Bxe7+ Kxe7 15. Nxc8+ Raxc8 16. O-O Rhd8 17. g3 {1-0 (73) Duncanson,H (2141)-Tucker,A (1943) Douglas 2005}) 11... gxf6 12. Be3 Bb7 13. f3 f5 14. Kf2 Bf6 15. b3 a5 16. a4 O-O 17. Bc4 Rfd8 18. Bb6 Rxd1 19. Rxd1 Ba6 20. Rd6 (20. Be2 $142) 20... Bxc4 21. bxc4 $16 {[%emt 0:00:01][%mdl 4096] Endgame KRB-KRB} Ra6 22. Bc5 {[%emt 0:00:28][%mdl 8192] [#]} (22. c5 $18 {and all is fine.}) 22... Be7 $19 23. Rxc6 $2 (23. Ke3) 23... Rxc6 {[%emt 0:00:06] Black is clearly winning.} 24. Bxe7 Rxc4 {KR-KB} 25. Bd8 Rxa4 26. Ke3 Ra2 27. Kd3 a4 28. Kc3 Ra1 29. Bf6 Rg1 30. Kb4 Rxg2 31. Kxa4 Rxc2 32. h4 Rf2 {[%emt 0:00:03] Weighted Error Value: White=1.06/Black=0.23 (precise)} 0-1

[Event "German-ch Blitz Women 2022"]
[Site "Magdeburg"]
[Date "2022.08.13"]
[Round "20.8"]
[White "Kosovska, Olena"]
[Black "Nikolaeva, Mariya A"]
[Result "1-0"]
[ECO "C88"]
[WhiteElo "1831"]
[BlackElo "1309"]
[Annotator "NA RC COMBH"]
[PlyCount "77"]
[EventDate "2022.08.10"]
[EventType "tourn"]
[EventCountry "GER"]
[SourceTitle "playchess.com"]
[Source "ChessBase"]
[SourceQuality "1"]
[TimeControl "180+2"]

1. e4 e5 2. Nf3 Nc6 3. Bb5 a6 4. Ba4 Nf6 5. O-O b5 6. Bb3 Be7 7. Re1 d6 8. a4 Rb8 9. c3 Na5 10. Bc2 c5 11. d4 Qc7 12. Be3 c4 13. axb5 axb5 14. dxe5 dxe5 15. Nxe5 Qxe5 16. Rxa5 O-O 17. Bd4 Qc7 18. Ra7 Rb7 19. Ra1 Rd8 20. e5 Ne8 21. Nd2 Be6 22. Qh5 g6 23. Qh6 Bf8 24. Qe3 Ng7 25. Ne4 Nf5 26. Nf6+ Kg7 27. Bxf5 Bxf5 28. e6 Qb8 29. Nd7+ Kg8 30. Nxb8 Rbxb8 31. Qe5 Rxd4 32. exf7+ Kxf7 33. Qxd4 Be7 34. Ra7 Re8 35. g4 Bd3 36. Qf4+ Kg8 37. Rexe7 Rf8 38. Rg7+ Kh8 39. Qxf8# 1-0

[Event "German-ch Blitz Women 2022"]
[Site "Magdeburg"]
[Date "2022.08.13"]
[Round "20.9"]
[White "Leveikina, Jevgenija"]
[Black "Schulze, Lara"]
[Result "1-0"]
[ECO "A46"]
[WhiteElo "2061"]
[BlackElo "2292"]
[Annotator "TA"]
[PlyCount "83"]
[EventDate "2022.08.10"]
[EventType "tourn"]
[EventCountry "GER"]
[SourceTitle "playchess.com"]
[Source "ChessBase"]
[SourceQuality "1"]
[TimeControl "180+2"]

1. d4 Nf6 2. Nf3 e6 3. c3 d5 4. Bf4 Bd6 5. Bg3 O-O 6. e3 c5 7. Bd3 Qc7 {[%emt 0:00:01] outshines the older 7...Nc6.} 8. Nbd2 Nbd7 9. O-O {[%emt 0:00:02] D02: 1 d4 d5 2 Nf3 sidelines, including 2...Nf6 3 g3 and 2...Nf6 3 Bf4.} Bxg3 10. hxg3 e5 11. dxe5 {[%emt 0:00:02] The position is equal.} Nxe5 12. Nxe5 Qxe5 13. Qf3 Bg4 14. Qf4 {[%emt 0:00:02] [#]} Rfe8 $146 ({Predecessor:} 14... Qxf4 15. gxf4 b6 16. Rfe1 Rfe8 17. Rac1 Rad8 18. f3 Bd7 19. Kf2 Bc6 20. g4 h6 {1-0 (56) Le,T (2485)-Riff,J (2492) Chess.com INT 2017}) 15. Nf3 Qxf4 (15... Qe7 {with more complications.} 16. Rfe1 Rad8 17. e4 dxe4 18. Bxe4 Nxe4 19. Qxg4 Qe6) 16. gxf4 Bxf3 17. gxf3 d4 18. e4 (18. Rfe1 $11) 18... Nh5 $36 {[%emt 0:00:04][%mdl 2048] Black is in control.} 19. f5 Nf4 20. Bc4 d3 (20... g6 $17 21. fxg6 hxg6) 21. Kh2 $15 Rad8 (21... g5 $1 $15 {should be considered.} 22. fxg6 hxg6) 22. Rad1 (22. Kg3 $11 Nh5+ 23. Kh4) 22... a6 $2 (22... g5 $1 $17 {and life is bright.} 23. fxg6 hxg6) 23. a4 $2 (23. Kg3 $16 Ne2+ 24. Kh4) 23... Kf8 $2 (23... g5 $1 $17 {stays on course.} 24. fxg6 hxg6) 24. Rd2 $2 (24. Kg3 $16 {is forced if you want to stay better.} g5 25. fxg6 Nh5+ 26. Kg4 fxg6 27. Rxd3) 24... f6 (24... g5 $17 25. fxg6 hxg6) 25. Rfd1 $11 Rd6 $2 (25... g5 $11) 26. Kg3 $18 ({Don't blunder} 26. Bxd3 $2 Red8 27. Kg3 Nxd3 $19) 26... Ne2+ 27. Kh2 $2 (27. Kg4 $18) 27... Red8 $2 (27... Nf4 $11) 28. Rxd3 Rxd3 29. Rxd3 Rxd3 30. Bxd3 {[%emt 0:00:01][%mdl 4096] Endgame KB-KN} Nf4 31. Bc4 {[%emt 0:00:04] aiming for a5.} g5 32. Kg3 $2 (32. fxg6 $1 $18 Nxg6 33. Kg3) 32... h5 $11 33. a5 {[%emt 0:00:05] Bd5 is the strong threat.} Ke7 34. Bd5 Nxd5 35. exd5 {[%emt 0:00:01] Strongly threatening c4. KP-KP} c4 $2 (35... Kd6 $11) 36. f4 $18 gxf4+ {[%emt 0:00:12] [#]} 37. Kh4 $1 {[%emt 0:00:07] White mates.} ({Weaker is} 37. Kxf4 Kd6 $11) 37... Kd6 38. Kxh5 Kxd5 39. f3 Kd6 {[%emt 0:00:15] [#]} 40. Kh6 $1 Kd7 41. Kg7 Ke7 42. Kg6 {[%emt 0:00:04] Weighted Error Value: White=0.39/Black=0.64} 1-0

[Event "German-ch Blitz Women 2022"]
[Site "Magdeburg"]
[Date "2022.08.13"]
[Round "20.10"]
[White "Heil, Marina"]
[Black "Melamed, Tatjana"]
[Result "0-1"]
[ECO "A16"]
[WhiteElo "1926"]
[BlackElo "2380"]
[Annotator "TA"]
[PlyCount "83"]
[EventDate "2022.08.10"]
[EventType "tourn"]
[EventCountry "GER"]
[SourceTitle "playchess.com"]
[Source "ChessBase"]
[SourceQuality "1"]
[TimeControl "180+2"]

1. c4 Nf6 2. Nc3 g6 3. g3 Bg7 4. Bg2 O-O 5. e4 d6 6. d3 c5 7. Nge2 Nc6 8. O-O a6 9. h3 Rb8 10. a4 Ne8 11. Kh2 {[%emt 0:00:06] A36: Symmetrical English vs ...g6: 4 Bg2 Bg7.} Nc7 12. Be3 Ne6 13. f4 {[%emt 0:00:04] Black has an edge.} Ned4 14. Nd5 e6 15. Ndc3 {[%emt 0:00:02] [#]} f5 $146 ({Predecessor:} 15... Qb6 16. Rb1 Qb3 17. Rf2 Qxd1 18. Rxd1 Bd7 19. Rb1 Nc2 20. Bd2 N6b4 21. Nc1 Nd4 22. N3a2 Nxa2 23. Nxa2 Bxa4 {0-1 (39) Ryabov,G (1887)-Belyakov,B (2495) Khanty-Mansiysk 2019}) 16. exf5 gxf5 17. Re1 Kh8 18. Bf2 Bd7 19. Nxd4 Nxd4 20. Ne2 $1 Qf6 21. Nxd4 cxd4 22. b4 Bc6 23. b5 Bxg2 24. Kxg2 e5 25. Qd2 (25. Qf3 $16) 25... Rfe8 26. Re2 e4 {[%emt 0:00:01] And now ...e3 would win.} 27. Qc2 (27. Qd1 $11) 27... e3 (27... a5 $17) 28. Be1 $1 $11 d5 29. c5 Rbc8 {[%emt 0:00:03] Against c6} 30. Qc1 Qe7 {[%emt 0:00:23] [#]} (30... Rg8 $11 {keeps the balance.}) 31. Rc2 $1 $16 Rg8 32. Rb1 (32. c6 $16) 32... axb5 (32... Bh6 $1 $11 33. Qb2 Qf6 34. bxa6 bxa6) 33. axb5 ({White should play} 33. Rxb5 $16 {Black should prevent a5.} Rge8 34. Rcb2) 33... Ra8 $2 (33... Bh6 $11 {and Black has nothing to worry.} 34. Qb2 Qf6) 34. Bb4 $4 {[%emt 0:00:07][%mdl 8192] [#]} (34. c6 $18) 34... Bf6 $2 ({Better is} 34... Bh6 $1 $19 {[%cal Rh6f4] Hoping for ...Bxf4.} 35. Ra1 Qg7) 35. c6 (35. Qd1 $14) 35... Qg7 $36 {[%emt 0:00:03][%mdl 2048] Black has the initiative.} 36. Be1 bxc6 37. bxc6 {[%emt 0:00:05] Black must now prevent Rb7.} Bh4 $1 38. Rb7 Qg6 (38... Qh6 $11 39. Qd1 (39. Kh2 $2 Rxg3 40. Bxg3 Bxg3+ 41. Kg2 Bf2 $19) 39... Rac8) 39. Kh1 $2 (39. Qb2 $18) 39... Bxg3 {[%emt 0:00:13] ( -> ...Bf2)} 40. Rg2 {[%emt 0:00:02] Inhibits Bf2.} Qh5 41. Rxg3 (41. Bxg3 $11 Qxh3+ 42. Rh2 Rxg3 43. Rxh3 Rxh3+ 44. Kg2) 41... Rxg3 42. Bxg3 {Weighted Error Value: White=0.73/Black=0.79} 0-1

[Event "German-ch Blitz Women 2022"]
[Site "Magdeburg"]
[Date "2022.08.13"]
[Round "20.11"]
[White "Fock, Sana"]
[Black "Staerk, Elisa"]
[Result "1-0"]
[ECO "B06"]
[WhiteElo "1807"]
[BlackElo "1947"]
[Annotator "TA"]
[PlyCount "73"]
[EventDate "2022.08.10"]
[EventType "tourn"]
[EventCountry "GER"]
[SourceTitle "playchess.com"]
[Source "ChessBase"]
[SourceQuality "1"]
[TimeControl "180+2"]

1. e4 g6 2. d4 Bg7 3. Nc3 c5 4. Be3 Nc6 5. d5 Nd4 6. Nge2 {[%emt 0:00:09][%cal Re2d4] B06: Modern Defence.} Nxe2 7. Bxe2 d6 {[#]} 8. O-O $146 {[%emt 0:00:08] White is slightly better.} ({Predecessor:} 8. Qd2 a6 9. a4 h5 10. a5 Nf6 11. f3 Rb8 12. Na4 Bd7 13. Nb6 O-O 14. O-O {1-0 (50) Swicarz,M (2341)-Yirik,V (1957) Chess.com INT 2020}) 8... Nf6 9. f4 O-O 10. h3 e6 (10... Bd7 $14) 11. Kh2 $2 {[%emt 0:00:11] [#] White is more active.} ({Only move:} 11. dxe6 $16 Bxe6 12. f5 gxf5 13. exf5) 11... exd5 $15 12. exd5 Re8 13. Qd2 Qe7 (13... Ng4+ $5 14. Bxg4 Bxg4 $17) 14. Bf2 Bf5 15. Rae1 Qd8 16. Bb5 Bd7 17. Rxe8+ Bxe8 18. Bxe8 Qxe8 19. Re1 Qd7 20. Ne4 Nxe4 21. Rxe4 Re8 22. Rxe8+ Qxe8 $11 {[%emt 0:00:01][%mdl 4096] Endgame KQB-KQB} 23. c3 (23. b4 $11) 23... f5 (23... Qe4 $15) 24. Qe3 {[%emt 0:00:07] The position is equal.} Qxe3 25. Bxe3 {[%emt 0:00:01] KB-KB} b5 26. g4 Kf7 27. Kg3 a5 28. Kf3 b4 29. cxb4 axb4 {[%emt 0:00:08] [#] ...fxg4+ is the strong threat.} 30. b3 Bc3 31. Bc1 Kf6 32. g5+ Ke7 33. Ke3 Kd7 34. Kd3 Kc7 35. a4 Bg7 36. Be3 Kb6 37. Kc4 {[%emt 0:00:03][%mdl 32768] Weighted Error Value: White=0.21 (precise) /Black=0.10 (very precise) . Sensor Board Error (Ke4/e5)?} 1-0

[Event "German-ch Blitz Women 2022"]
[Site "Magdeburg"]
[Date "2022.08.13"]
[Round "20.12"]
[White "Schuster, Rebekka"]
[Black "Zschischang, Marine"]
[Result "0-1"]
[ECO "C01"]
[WhiteElo "1815"]
[BlackElo "2083"]
[Annotator "NA RC"]
[PlyCount "38"]
[EventDate "2022.08.10"]
[EventType "tourn"]
[EventCountry "GER"]
[SourceTitle "playchess.com"]
[Source "ChessBase"]
[SourceQuality "1"]
[TimeControl "180+2"]

1. e4 e6 2. d4 d5 3. exd5 exd5 4. Bd3 Nf6 5. Bg5 h6 6. Bh4 Qe7+ 7. Qe2 Nbd7 8. Nd2 Qxe2+ 9. Nxe2 Bd6 10. O-O-O O-O 11. Nf3 Ne4 12. Rhf1 f5 13. Nd2 g5 14. f3 Nxd2 15. Rxd2 gxh4 16. f4 Nf6 17. Rf3 Ne4 18. Rd1 Kh7 19. Rdf1 Rg8 0-1